 Dungeon Crawl Stone Soup version 0.22.1 (webtiles) character file.

42 MalarOregon the Shield-Bearer (level 3, 0/33 HPs)
             Began as a Hill Orc Fighter on Sept 18, 2018.
             Slain by Jessica (3 damage)
             ... on level 2 of the Dungeon.
             The game lasted 00:01:30 (1300 turns).

MalarOregon the Shield-Bearer (Hill Orc Fighter)    Turns: 1300, Time: 00:01:31

Health: 0/33       AC:  6    Str: 23    XL:     3   Next: 54%
Magic:  3/3        EV:  7    Int:  9    God:
Gold:   116        SH:  9    Dex: 10    Spells: 2/2 levels left

rFire    . . .     SeeInvis +   a - +0 war axe
rCold    . . .     Gourm    .   c - +0 shield
rNeg     . . .     Faith    .   b - +0 scale mail
rPois    .         Spirit   .   (no helmet)
rElec    .         Reflect  .   (no cloak)
rCorr    .         Harm     .   (no gloves)
MR       .....                  (no boots)
Stlth    ..........             (no amulet)
HPRegen  0.11/turn              z - ring of see invisible
MPRegen  0.08/turn              g - ring of wizardry (curse)

@: mighty
A: no striking features
a: no special abilities


You were on level 2 of the Dungeon.
You were not hungry.

You visited 1 branch of the dungeon, and saw 2 of its levels.

You collected 116 gold pieces.

Inventory:

Hand Weapons
 a - a +0 war axe (weapon)
Armour
 b - a +0 scale mail (worn)
 c - a +0 shield (worn)
Jewellery
 g - a cursed ring of wizardry (right hand)
   (You found it on level 1 of the Dungeon)
 z - a ring of see invisible (left hand)
   (You found it on level 1 of the Dungeon)
Scrolls
 j - a scroll of enchant armour {unknown}
 k - 3 scrolls of teleportation {unknown}
 l - a scroll of amnesia {unknown}
 n - a scroll of random uselessness {unknown}
 o - 3 scrolls of identify {unknown}
 r - a scroll of magic mapping {unknown}
 s - a scroll of remove curse {unknown}
Potions
 h - a potion of resistance {unknown}
 i - 2 potions of curing {unknown}
 m - a potion of agility {unknown}
 p - a potion of magic {unknown}
 q - a potion of brilliance {unknown}
Comestibles
 e - 3 rations {!d}


   Skills:
 + Level 3.9 Fighting
 * Level 3.4 Axes
 + Level 3.6 Armour
 + Level 0.5 Dodging
 * Level 3.9 Shields


You had 2 spell levels left.
You didn't know any spells.
Your spell library was empty.

Dungeon Overview and Level Annotations

Branches:
Dungeon (2/15)

Altars:
Cheibriados
Elyvilon
Ru

Annotations:
D:2 Jessica


Message History

You slash the quokka!
You kill the quokka!
Jessica shouts, "You're disturbing me!
I'll have to kill you!"
Jessica casts a spell.
Jessica seems to speed up.
Your scale mail prevents you from hitting Jessica.
Jessica hits you. You block Jessica's attack.
You closely miss Jessica. Jessica hits you but does no damage.
Jessica hits you.
You barely miss Jessica. Jessica completely misses you.
You block Jessica's attack.
You hit Jessica but do no damage. Jessica barely misses you. Jessica hits you.
Your shield and scale mail prevent you from hitting Jessica.
Jessica casts a spell.
Jessica blinks!
Jessica hits you but does no damage. You block Jessica's attack.
You see here a scroll labeled JACIGUT UJECLA.
You closely miss Jessica. Jessica hits you.
Jessica hits you but does no damage.
You hit Jessica but do no damage. Jessica completely misses you.
You block Jessica's attack.
You closely miss Jessica. Jessica closely misses you.
You block Jessica's attack.
You barely miss Jessica. Jessica hits you.
Jessica points at you and mumbles some strange words.
You resist with some effort.
You hit Jessica.
Jessica points at you and mumbles some strange words.
Pain shoots through your body!
* * * LOW HITPOINT WARNING * * *
Jessica casts a spell.
Jessica blinks!
You block Jessica's attack.
You closely miss Jessica. You block Jessica's attack.
Jessica hits you but does no damage.
You closely miss Jessica. Jessica barely misses you. Jessica hits you.
* * * LOW HITPOINT WARNING * * *
You closely miss Jessica.
Jessica points at you and mumbles some strange words.
Pain shoots through your body!
* * * LOW HITPOINT WARNING * * *
You block Jessica's attack.
You closely miss Jessica. Jessica barely misses you.
You block Jessica's attack. x2
You feel very mighty all of a sudden. Jessica hits you.
* * * LOW HITPOINT WARNING * * *
You closely miss Jessica. Jessica hits you but does no damage.
You block Jessica's attack. Jessica hits you.
You die...

######## ##.........#
#..)......##
########...........
##.....##..........#
#...................
#..##'##...>.........
. ##...##............
#!.?.:#............
#.@...#....<.......
#@...?#...######...
##...##..## #...
#####..## #... #...
.#.#####...
........#.#
.#####..... ##.##.


You could see Jessica.

Vanquished Creatures
  An adder (D:2)
  A dart slug (D:1)
  2 leopard geckos
  5 giant cockroaches
  5 goblins (D:1)
  4 hobgoblins (D:1)
  2 quokkas (D:2)
  2 bats
  3 frilled lizards (D:1)
  A rat (D:1)
26 creatures vanquished.

Notes
Turn   | Place    | Note
-------+----------+-------------------------------------------
     0 | D:1      | MalarOregon the Hill Orc Fighter began the quest for the
                  | Orb.
     0 | D:1      | Reached XP level 1. HP: 19/19 MP: 1/1
   160 | D:1      | Reached XP level 2. HP: 27/27 MP: 2/2
   705 | D:1      | Reached XP level 3. HP: 31/33 MP: 3/3
  1015 | D:2      | Found a white marble altar of Elyvilon.
  1018 | D:2      | Found a sacrificial altar of Ru.
  1029 | D:2      | Found a snail-covered altar of Cheibriados.
  1279 | D:2      | Noticed Jessica
  1300 | D:2      | Slain by Jessica

Skill      XL: |  1 |
---------------+----+-----
Axes           | 3 |  3.4
Fighting       | |  3.9
Armour         | |  3.6
Dodging        | |  0.5
Shields        | |  3.9

Action                   || total
-------------------------++-------
Melee: War axe           ||   104
  Use: Potion            ||     1
  Eat: Chunk             ||     1
Armor: Scale mail        ||    48
Dodge: Dodged            ||    39
Block: Shield            ||    58
